switch, chaotic female human Rogue ---- ----------- --.>-------- |.........| |.`........| |.........| |..-----.-.| |.........| |..|...|`..| |....<....| |.@..`....-| |.........| |.``.`..|..| |.........| |.----..--.| |.........| |........|.-- |.........| |.---.-.....------------+| |...|...-........[..^^^^.| |......`..---------------- -----..|..| ------- switch the Rogue Experience level: 8 Strength: 16 Dexterity: 18 Constitution: 17 Intelligence: 10 Wisdom: 11 Charisma: 8 Health: 54(54) Energy: 28(28) Def: 12 Gold: 0 Moves: 9911 Dungeon seed: HjBubGT3XmfveKx7 Game ID: switch_1486950127 Your Inventory: Weapons a - an uncursed +0 silver dagger (weapon in hand) b - 12 uncursed +0 daggers (in quiver) c - 9 blessed +1 daggers named +1 g - an uncursed +0 dagger z - a cursed -1 dagger A - 8 uncursed poisoned +0 orcish arrows Armor e - an uncursed +0 dwarvish cloak (being worn) n - an uncursed +0 pair of iron shoes y - an uncursed +0 pair of water walking boots (being worn) N - an uncursed +0 dwarvish mithril-coat (being worn) W - an uncursed +0 dwarvish iron helm (being worn) X - an uncursed +0 dwarvish roundshield (being worn) Y - an uncursed +0 pair of leather gloves (being worn) Comestibles f - an uncursed lizard corpse i - 2 uncursed lembas wafers l - 2 uncursed eggs o - an uncursed carrot O - an uncursed food ration Wands m - an uncursed wand of cold (0:5) p - an uncursed wand of cold (0:4) U - an uncursed wand of digging (0:7) Z - an uncursed wand of striking (0:3) Tools k - an uncursed skeleton key r - an uncursed brass lantern (0:1140) v - an uncursed magic marker (0:65) B - an uncursed sack C - an uncursed credit card D - an uncursed pair of lenses E - an uncursed towel S - an uncursed +0 pick-axe named NC Gems d - an uncursed worthless piece of red glass q - 2 uncursed worthless pieces of yellowish brown glass L - 2 uncursed fluorite stones Contents of the sack: 590 gold pieces an uncursed egg a blessed scroll of earth an uncursed scroll of earth an uncursed scroll of enchant armor an uncursed scroll of genocide 2 uncursed scrolls of identify an uncursed potion of confusion an uncursed potion of fruit juice an uncursed potion of gain energy an uncursed potion of invisibility an uncursed potion of water an uncursed ring of conflict an uncursed +2 ring of increase accuracy a cursed -2 ring of protection an uncursed ring of searching an uncursed wand of create monster (0:13) an uncursed wand of digging (0:4) Spells and supernatural/magical abilities: Name Level Category Fail Memory W - pray for help -- divine ? -- Your skills at the end: Fighting Skills Weapon Skills dagger [Expert] short sword [Basic] Spellcasting Skills Final Attributes: You were piously aligned. You were poison resistant. You were stealthy. You could walk on water. You survived. Vanquished creatures: a tengu a lynx 2 leprechauns an orc-captain an iron piercer a horse a gnome king a lizard a dingo a dwarf lord 2 blue jellies a gnome mummy a human zombie an Uruk-hai a rock piercer a rock mole a pony 2 yellow lights a shrieker 9 gnome lords 4 gnomish wizards a red naga hatchling an elf zombie 2 straw golems 6 giant ants 2 little dogs 3 floating eyes 2 kittens 9 dwarves a homunculus a kobold lord 2 kobold shamans 8 hill orcs 2 rothes a rabid rat a centipede 2 giant bats 3 orc zombies a dwarf zombie 2 wererats a werejackal an iguana 5 killer bees 4 coyotes a gas spore a hobbit a hobgoblin 9 giant rats 2 cave spiders a green mold a red mold 22 gnomes 3 garter snakes a gnome zombie a gecko 7 jackals 3 foxes 2 kobolds 5 goblins 7 grid bugs 2 bats 7 lichens 2 kobold zombies 7 newts 181 creatures vanquished. Voluntary challenges: You had been an atheist until turn 2581. You used a wielded weapon 257 times, starting on turn 91. You read items or engraved 29 times, starting on turn 632. You never genocided any monsters. You never polymorphed an object. You never changed form. You used no wishes. You never split a pudding. You wrote Elbereth's name 27 times, starting on turn 633. You never violated your personal moral code. Dungeon overview: The Dungeons of Doom: levels 1 to 7 Level 1 some fountains a long staircase Level 2 some fountains stairs to The Gnomish Mines Level 3 a weapon shop, a fountain Level 4 a fountain Level 5 a fountain Level 6 many fountains Level 7 a fountain stairs to Sokoban The Gnomish Mines: levels 3 to 6 Level 3 stairs to The Dungeons of Doom Level 4 Level 5 many shops, a temple to Mog, some fountains, some trees Level 6 Sokoban: levels 5 to 6 Level 5 <- You were here Level 6 stairs to The Dungeons of Doom History has recorded: On T:1 you entered the Dungeons of Doom to retrieve the Amulet of Yendor! On T:286 you advanced to experience level 2. On T:356 you reached level 2 of The Dungeons of Doom. On T:765 you reached level 1 of The Gnomish Mines. On T:794 you advanced to experience level 3. On T:963 you reached level 3 of The Dungeons of Doom. On T:1231 you advanced to experience level 4. On T:1380 you advanced to experience level 5. On T:1616 you reached level 2 of The Gnomish Mines. On T:1901 you advanced to experience level 6. On T:2371 you reached level 3 of The Gnomish Mines. On T:3257 you reached level 4 of The Gnomish Mines. On T:3623 you advanced to experience level 7. On T:5051 you reached level 4 of The Dungeons of Doom. On T:6000 you reached level 5 of The Dungeons of Doom. On T:6405 you reached level 6 of The Dungeons of Doom. On T:8243 you reached level 7 of The Dungeons of Doom. On T:8555 you advanced to experience level 8. On T:8600 you reached level 4 of Sokoban. On T:9023 you reached level 3 of Sokoban. Score breakdown: Gold: 590 ( 9427 points) Experience: 8 levels (14739 points) Exploration: 7 levels ( 14.58%) (10718 points) Discoveries: 16 items ( 5.37%) ( 6951 points) Valuables value: (no points given unless you survive) Artifact value: 0 ( 0 points) Variety of kills: 64 monsters ( 16.80%) (12295 points) Turncount: 9911 turns (-2365 points) Survival: quit (score multiplied by 90%) Total score: 46588 Latest messages: Hello switch, the human Rogue, welcome back to NetHack! With great effort you move the boulder. (3x) You are beginning to feel hungry. With great effort you move the boulder. (5x) Final status: Goodbye switch the Rogue, quit... You quit in Sokoban on dungeon level 5 with 46588 points, and 590 pieces of gold, after 9911 moves. You were level 8 with a maximum of 54 hit points when you quit.